 Dungeon Crawl Stone Soup version 0.29-a0-584-gb10a8bf730 (webtiles) character file.

Game seed: 9992917848329011942

45469 Gargoyl the Blocker (level 14, -3/99 HPs)
             Began as a Gargoyle Berserker on June 14, 2022.
             Was a Priest of Trog.
             Slain by a catoblepas (23 damage)
             ... on level 6 of the Lair of Beasts on June 15, 2022.
             The game lasted 00:33:23 (22049 turns).

Gargoyl the Blocker (Gargoyle Berserker)           Turns: 22049, Time: 00:33:23

Health: -3/99      AC: 27    Str: 21    XL:     14   Next: 33%
Magic:  14/14      EV: 13    Int: 18    God:    Trog [***...]
Gold:   1193       SH: 11    Dex: 11    Spells: 13/13 levels left

rFire   + + .      SeeInvis .   x - +5 spear (venom)
rCold   . . .      Faith    .   B - +0 kite shield
rNeg    + + +      Spirit   .   f - +2 ring mail of Okawaru's Envy {Rampage rN+ rCorr}
rPois   ∞          Reflect  .   v - +1 helmet {Int+3}
rElec   +          Harm     .   g - +1 cloak
rCorr   +          Rampage  +   k - +0 pair of gloves
Will    +++..      Clarity  +   I - +0 pair of boots {Stlth+}
Stlth   +++.......              J - amulet of Xom's Entertainment {Acrobat rN+ Int+6 Dex-2}
HPRegen 1.26/turn               y - ring of protection from fire
MPRegen 0.14/turn               e - ring of protection from fire

@: strong-willed, flying, regenerating
A: sickness immunity, AC +10, big wings, negative energy resistance 1,
electricity resistance, torment resistance 1, petrification resistance, clarity,
robust 1
a: Renounce Religion, Berserk, Trog's Hand


You were on level 6 of the Lair of Beasts.
You worshipped Trog.
Trog was most pleased with you.
You visited 2 branches of the dungeon, and saw 18 of its levels.
You also visited: Gauntlet.

You collected 1300 gold pieces.
You spent 107 gold pieces at shops.

Inventory:

Hand Weapons
 p - a +3 scimitar of electrocution
 x - a +5 spear of venom (weapon)
 C - a +3 war axe
 G - a +2 war axe of electrocution
Missiles
 r - 10 poisoned darts (quivered)
 D - a throwing net
Armour
 f - the +2 ring mail of Okawaru's Envy (worn) {Rampage rN+ rCorr}
   (You found it on level 2 of the Dungeon)

   rN:        It protects you from negative energy.
   rCorr:     It protects you from acid and corrosion.
   Rampage:   It bestows one free step when moving towards enemies.
 g - a +1 cloak (worn)
 k - a +0 pair of gloves (worn)
 v - a +1 helmet of intelligence (worn)
 B - a +0 kite shield (worn)
 I - a +0 pair of boots of stealth (worn)
Jewellery
 e - a ring of protection from fire (right hand)
 i - a ring of willpower
 l - a ring of flight
 y - a ring of protection from fire (left hand)
 J - the amulet of Xom's Entertainment (around neck) {Acrobat rN+ Int+6 Dex-2}
   (You found it on level 4 of the Lair of Beasts)

   [amulet of the acrobat]

   It increases your evasion while moving and waiting.
   Int:       It affects your intelligence (+6).
   Dex:       It affects your dexterity (-2).
   rN:        It protects you from negative energy.
 K - a ring of see invisible
Wands
 b - a wand of acid (6)
 q - a wand of mindburst (6)
 s - a wand of paralysis (10)
 t - a wand of flame (46)
 z - a wand of iceblast (2)
 F - a wand of polymorph (5)
Scrolls
 d - 5 scrolls of teleportation
 h - 2 scrolls of magic mapping
 j - 2 scrolls of fog
 u - 6 scrolls of identify
 E - 2 scrolls of poison
 P - a scroll of blinking
Potions
 a - 2 potions of resistance
 c - 3 potions of might
 m - 2 potions of cancellation
 n - 3 potions of haste
 o - 4 potions of lignification
 w - 3 potions of flight
 A - 3 potions of invisibility
 H - a potion of curing
 L - a potion of degeneration {unknown}
 M - 2 potions of mutation
 N - a potion of berserk rage {unknown}


   Skills:
 + Level 11.1 Fighting
 + Level 4.0 Short Blades
 + Level 4.8(8.7) Axes
 + Level 11.3(11.7) Polearms
 + Level 1.0 Throwing
 + Level 10.0 Armour
 + Level 9.0 Dodging
 + Level 5.9 Stealth
 + Level 12.0 Shields


You had 13 spell levels left.
You didn't know any spells.
Your spell library was empty.

Dungeon Overview and Level Annotations

Branches:
Dungeon (12/15)            Temple (0/1) D:7            Lair (6/6) D:11
 Spider (0/4) Lair:3        Slime (0/5) Lair:6          Orc (0/2) D:9
Gauntlet (visited)
  Swamp: Lair:2-4    Shoals: Lair:2-4

Altars:
Ashenzari
Cheibriados
Dithmenos
Elyvilon
Fedhas
Kikubaaqudgha
Okawaru
Qazlal
Xom

Shops:
D:1 *   D:2 ?   D:4 *   D:5 (


Innate Abilities, Weirdness & Mutations

You are immune to sickness and miasma.
Your stone body is resilient. (AC +10)
You are immune to poison.
Your large and strong wings let you fly.
You resist negative energy. (rN+)
You are resistant to electric shocks. (rElec)
You are resistant to unholy torment.
You are immune to petrification.
You possess an exceptional clarity of mind.
You are robust. (+10% HP)


Message History

* * * LOW HITPOINT WARNING * * *
Unknown command.
Your skin crawls.
You feel strong-willed.
The catoblepas breathes a plume of calcifying dust at you.
The blast of calcifying dust hits you but does no damage.
You hit the catoblepas but do no damage.
The catoblepas looks as sick as possible!
The catoblepas is severely wounded.
You hit the catoblepas.
The catoblepas is severely wounded.
The catoblepas breathes a plume of calcifying dust at you.
The blast of calcifying dust hits you but does no damage.
You hit the catoblepas but do no damage.
The catoblepas is severely wounded.
The catoblepas barely misses you.
You hit the catoblepas but do no damage.
The catoblepas is severely wounded.
You hit the catoblepas but do no damage.
The catoblepas looks as sick as possible!
The catoblepas is almost dead.
The catoblepas gores you but does no damage.
You barely miss the catoblepas.
The catoblepas is almost dead.
You hit the catoblepas but do no damage.
The catoblepas is almost dead.
The catoblepas gores you!
* * * LOW HITPOINT WARNING * * *
You hit the catoblepas but do no damage.
The catoblepas looks as sick as possible!
The catoblepas is almost dead.
The catoblepas barely misses you.
Unknown command.
You hit the catoblepas.
The catoblepas is almost dead.
You hit the catoblepas but do no damage.
The catoblepas looks as sick as possible!
The catoblepas is almost dead.
The catoblepas gores you!!
You die...

##..........# #P..P.#....##
##..PP##...# ##.P.####..# ###
#....# #..# ##.### #....## #..#
##....## #.....###..###......##
#....##.....# #..Y...#
.#..........# #.@## .P..........#
#...## P....##.<...# ##...## ###
PP.P###...P## ##...###..# P...#
#....# ##......# ...####..###
####......### .....##....#
#....8......###
#..#.###..####........8....######
#..#####.##.##.....8.............


You could see a catoblepas (extremely poisoned).

Vanquished Creatures
  A minotaur (Gauntlet)
  A boulder beetle (D:11)
  8 hydras
  A catoblepas (Lair:6)
  3 two-headed ogres (D:11)
  4 death yaks (Lair:5)
  A soul eater (Gauntlet)
  A deep elf archer (D:11)
  The ghost of ouz the Digger, a novice MeEE (D:5)
  A deep elf pyromancer (D:11)
  An orc knight (D:11)
  An oklob plant (D:11)
  A manticore (D:11)
  A large abomination (Gauntlet)
  3 elephants (Lair:2)
  A worldbinder (Gauntlet)
  3 black mambas
  14 cane toads
  An eye of devastation (Lair:6)
  A gargoyle (D:11)
  4 rime drakes
  An unseen horror (D:10)
  5 komodo dragons
  A kobold demonologist (D:11)
  A yaktaur (D:11)
  A meliai (Lair:3)
  3 polar bears
  4 trolls
  14 blink frogs
  3 shadows
  2 wraiths
  3 wyverns
  3 basilisks
  36 yaks
  3 steam dragons
  3 small abominations (Gauntlet)
  3 vampire mosquitoes (D:11)
  A warg (D:9)
  An acid dragon (D:11)
  20 water moccasins
  A floating eye (Lair:6)
  8 orc warriors
  A black bear (D:7)
  A sky beast (D:8)
  3 ogres
  2 ice beasts
  2 boggarts (Gauntlet)
  10 centaurs
  2 gnoll sergeants
  6 scorpions
  17 bullfrogs
  6 necrophages
  3 wights (D:6)
  9 killer bees
  A howler monkey (D:4)
  An electric eel (D:11)
  2 jellies
  3 hounds
  A centaur skeleton (D:5)
  A gnoll shaman (D:8)
  10 orc priests
  Jessica (D:2)
  3 iguanas
  17 orc wizards
  Robin (D:2)
  A howler monkey zombie (D:5)
  12 gnolls
  5 adders
  4 shadow imps (Gauntlet)
  2 worms
  A dart slug (D:2)
  39 orcs
  7 endoplasms
  A giant cockroach (D:1)
  7 goblins
  7 hobgoblins
  3 jackals (D:2)
  A quokka (D:2)
  4 ball pythons
  2 bats (D:1)
  2 frilled lizards (D:1)
  5 kobolds
  6 rats
382 creatures vanquished.

Vanquished Creatures (collateral kills)
  2 large abominations (Gauntlet)
2 creatures vanquished.

Vanquished Creatures (others)
  A shadow (D:11)
  A howler monkey (D:8)
  4 demonic plants (Gauntlet)
  21 fungi
  55 plants
  3 toadstools (D:6)
85 creatures vanquished.

Grand Total: 469 creatures vanquished

Notes
Turn   | Place    | Note
-------+----------+-------------------------------------------
     0 | D:1      | Gargoyl the Gargoyle Berserker began the quest for the Orb.
     0 | D:1      | Reached XP level 1. HP: 14/14 MP: 1/1
   283 | D:1      | Found Vugrufed's Assorted Antiques.
   458 | D:1      | Found a faded altar of an unknown god.
   476 | D:1      | Reached XP level 2. HP: 17/19 MP: 2/2
  1173 | D:2      | Noticed Robin
  1184 | D:2      | Reached ** piety under Trog
  1185 | D:2      | Reached XP level 3. HP: 9/23 MP: 3/3
  1186 | D:2      | Killed Robin
  1622 | D:2      | Reached XP level 4. HP: 29/29 MP: 4/4
  1655 | D:2      | Identified the +2 ring mail of Okawaru's Envy {Rampage rN+
                  | rCorr}
  1777 | D:2      | Noticed Jessica
  1789 | D:2      | Killed Jessica
  2128 | D:2      | Found Fetsieme's Magic Scroll Emporium.
  2137 | D:2      | Bought 3 scrolls of teleportation for 99 gold pieces
  2649 | D:3      | Noticed an ice beast
  2661 | D:3      | Killed an ice beast
  2662 | D:3      | Reached XP level 5. HP: 33/33 MP: 5/5
  3008 | D:3      | Reached skill level 1 in Stealth
  3023 | D:4      | Reached XP level 6. HP: 28/38 MP: 6/6
  3237 | D:4      | Reached skill level 1 in Short Blades
  3359 | D:4      | Reached XP level 7. HP: 44/44 MP: 7/7
  3599 | D:4      | Found Keguteo's Serpentskin Sales.
  3612 | D:4      | Bought 2 poisoned darts for 8 gold pieces
  4039 | D:5      | Entered Level 5 of the Dungeon
  4047 | D:5      | Reached skill level 5 in Armour
  4065 | D:5      | Found a runed translucent gate.
  4065 | D:5      | Found a runed translucent gate.
  4065 | D:5      | Found a runed translucent gate.
  4238 | D:5      | Reached skill level 1 in Shields
  4238 | D:5      | Reached XP level 8. HP: 44/48 MP: 8/8
  4531 | D:5      | Found Halahoin's Weapon Emporium.
  4547 | D:5      | Found a broken altar of Ashenzari.
  4798 | D:5      | Found a shimmering altar of Xom.
  4800 | D:5      | Found a stormy altar of Qazlal.
  4800 | D:5      | Found a shadowy altar of Dithmenos.
  4802 | D:5      | Found a stormy altar of Qazlal.
  4802 | D:5      | Found a white marble altar of Elyvilon.
  4802 | D:5      | Found an ancient bone altar of Kikubaaqudgha.
  5041 | D:5      | Noticed ouz's ghost (novice MeEE)
  5076 | D:5      | Killed ouz's ghost
  5077 | D:5      | Reached skill level 5 in Fighting
  5077 | D:5      | Reached skill level 1 in Polearms
  5077 | D:5      | Reached skill level 2 in Shields
  5077 | D:5      | Reached XP level 9. HP: 54/54 MP: 9/9
  5778 | D:6      | Reached skill level 3 in Shields
  6468 | D:7      | Gained mutation: Your body sometimes deteriorates upon
                  | taking damage. [potion of mutation]
  6468 | D:7      | Gained mutation: You have an increased reservoir of magic.
                  | (+10% MP) [potion of mutation]
  6684 | D:7      | Reached skill level 4 in Shields
  6799 | D:7      | Found a staircase to the Ecumenical Temple.
  6809 | D:7      | Reached XP level 10. HP: 59/60 MP: 11/11
  6893 | D:7      | Found a blossoming altar of Fedhas.
  7356 | D:8      | Reached skill level 5 in Dodging
  7688 | D:8      | Reached skill level 5 in Polearms
  7688 | D:8      | Reached skill level 5 in Shields
  8172 | D:9      | Identified the +9 hand crossbow of Siaxigyonk {penet,
                  | Int+4}
  8344 | D:9      | Found a snail-covered altar of Cheibriados.
  8431 | D:9      | Reached skill level 6 in Shields
  8431 | D:9      | You fall into a shaft and drop 3 floors!
  8625 | D:11     | Noticed a deep elf archer
  8665 | D:11     | Killed a deep elf archer
  8666 | D:11     | Reached XP level 11. HP: 21/66 MP: 12/12
  8688 | D:10     | Entered Level 10 of the Dungeon
  8908 | D:10     | Reached *** piety under Trog
  8929 | D:10     | HP: 3/66 [wyvern (11)]
  9966 | D:9      | Found a staircase to the Orcish Mines.
 10427 | D:10     | Lost mutation: Your body sometimes deteriorates upon taking
                  | damage. [potion of mutation]
 10427 | D:10     | Lost mutation: You have an increased reservoir of magic.
                  | (+10% MP) [potion of mutation]
 10427 | D:10     | Gained mutation: You are robust. (+10% HP) [potion of
                  | mutation]
 10427 | D:10     | Gained mutation: You possess an exceptional clarity of
                  | mind. [potion of mutation]
 10726 | D:10     | Reached skill level 7 in Shields
 10760 | D:10     | Upgraded the game from 0.29-a0-581-ge9a90b782e to
                  | 0.29-a0-584-gb10a8bf730
 10975 | D:11     | Noticed an oklob plant
 11007 | D:11     | Noticed a two-headed ogre
 11047 | D:11     | Killed a two-headed ogre
 11096 | D:11     | Found a staircase to the Lair.
 11164 | D:11     | Noticed a two-headed ogre
 11171 | D:11     | Killed a two-headed ogre
 11223 | D:11     | Noticed a manticore
 11252 | D:11     | Killed a manticore
 11918 | D:11     | Reached XP level 12. HP: 66/80 MP: 12/12
 12040 | D:11     | Noticed a six-headed hydra
 12057 | D:11     | Killed a six-headed hydra
 12402 | D:11     | Noticed a two-headed ogre
 12411 | D:11     | Killed a two-headed ogre
 12440 | D:11     | Reached skill level 8 in Shields
 12682 | D:11     | Noticed a boulder beetle
 12698 | D:11     | Killed a boulder beetle
 13429 | Lair:1   | Entered Level 1 of the Lair of Beasts
 13737 | Lair:1   | Noticed a six-headed hydra
 13751 | Lair:2   | Killed a six-headed hydra
 13787 | Lair:2   | Reached skill level 9 in Shields
 14126 | Lair:1   | Identified a scroll of acquirement
 14126 | Lair:1   | Acquired a +0 pair of boots of stealth
 14748 | Lair:2   | Noticed a five-headed hydra
 14761 | Lair:2   | Killed a five-headed hydra
 14762 | Lair:2   | Reached skill level 5 in Stealth
 14762 | Lair:2   | Reached XP level 13. HP: 90/90 MP: 13/13
 15475 | Lair:2   | You fall into a shaft and drop 1 floor!
 15664 | Lair:3   | Reached skill level 10 in Shields
 16099 | Lair:3   | Reached skill level 10 in Fighting
 16468 | Lair:3   | Found a hole to the Spider Nest.
 16481 | Lair:3   | Reached skill level 10 in Polearms
 17039 | Lair:4   | Reached **** piety under Trog
 17162 | Lair:4   | Found a gate leading to a gauntlet.
 17412 | Gauntlet | Entered a Gauntlet
 17412 | Gauntlet | Found a transporter.
 17412 | Gauntlet | Found a runed translucent gate.
 17412 | Gauntlet | Found a runed translucent gate.
 17414 | Gauntlet | Found a runed translucent gate.
 17415 | Gauntlet | Found a transporter.
 17464 | Gauntlet | Found a transporter.
 17475 | Gauntlet | Found a transporter.
 17495 | Gauntlet | Found a transporter.
 17584 | Gauntlet | Found a transporter.
 17585 | Gauntlet | Found a transporter.
 17601 | Gauntlet | Found a transporter.
 17603 | Gauntlet | Found a transporter.
 18052 | Gauntlet | Noticed a minotaur
 18073 | Gauntlet | Killed a minotaur
 18115 | Lair:4   | Identified the amulet of Xom's Entertainment {Acrobat rN+
                  | Int+6 Dex-2}
 18683 | Lair:4   | Reached skill level 11 in Shields
 19375 | Lair:5   | Reached skill level 10 in Armour
 19721 | Lair:5   | Gained mutation: Your large and strong wings let you fly.
                  | [Gargoyle growth]
 19721 | Lair:5   | Reached XP level 14. HP: 96/96 MP: 14/14
 19971 | Lair:5   | Found an iron altar of Okawaru.
 20384 | Lair:6   | Entered Level 6 of the Lair of Beasts
 20599 | Lair:6   | HP: 6/144 [eight-headed hydra (6)]
 21063 | Lair:6   | Reached skill level 1 in Throwing
 21180 | Lair:6   | Found a staircase to the Slime Pits.
 21571 | Lair:6   | Reached skill level 12 in Shields
 22049 | Lair:6   | Slain by a catoblepas

Illustrated notes

Levels and vault maps discovered:
D:1:      dpeg_arrival_pond, layout_basic, serial_shops, nicolae_lakefront_shop,
          chequers_ecumenical_altar_simple
D:2:      layout_loops_ring, serial_shops, shop, hangedman_abyss_or_decor_stabs,
          uniq_jessica, uniq_robin
D:3:      layout_basic, serial_forest, infiniplex_forest_clump_medium,
          infiniplex_forest_lined_room_, infiniplex_forest_clump_double,
          infiniplex_forest_lined_room_3, infiniplex_forest_clump_double,
          infiniplex_forest_corner_1, infiniplex_forest_zigzag_1,
          infiniplex_forest_lined_3_way
D:4:      layout_cave_pods, guppyfry_shop_venom
D:5:      layout_loops_corners, ashenzari_altar_1, doesnt_xom_only_xom,
          serial_shops, nicolae_shop_behind_doors, gammafunk_ghost_necromancy
D:6:      layout_gridville, minmay_gold_behind_fungi
D:7:      layout_loops_ring, mainiacjoe_overflow_tiny_flanked,
          minmay_temple_entry_stoned_glass
D:8:      layout_basic
D:9:      layout_long_grid, lemuel_doored_altar, erik_orc_4,
          nicolae_benzene_ring
D:10:     layout_cross
D:11:     nzn_winding_woodlands_stair_cross [nzn_winding_woodlands_5x15_parted,
          nzn_winding_woodlands_center_diamonds, nzn_winding_woodlands_5x15_eye,
          nzn_winding_woodlands_hourglass, nzn_winding_woodlands_5x5_three,
          nzn_winding_woodlands_5x15_river_crossing,
          nzn_winding_woodlands_center_garden,
          nzn_winding_woodlands_5x15_zeroes], layout_loops_corners,
          dpeg_oklobed_lair, dk_noncrumbling_4
D:12:     minmay_the_grid_four_pointed_star_mashed
          [minmay_the_grid_triangle_9x9_pentomino_pain,
          minmay_the_grid_triangle_9x9_tough_junction,
          minmay_the_grid_triangle_9x9_fully_insulated_deathbox,
          minmay_the_grid_triangle_9x9_stretched_checkered,
          minmay_the_grid_prize_big_room], layout_irregular_city,
          gammafunk_ghost_mausoleum, nicolae_antique_artefacts
Lair:1:   layout_hall_layers, small_statue_intersection, grunt_megastairs_2,
          infiniplex_staircase_pool
Lair:2:   layout_layer_cave, skrybe_swamp_entry_bodies,
          small_statue_intersection
Lair:3:   layout_small_grid, hellmonk_spider_entry_not_the_bees,
          lemuel_fruit_fields, serial_bayou_shore_b
Lair:4:   layout_cave_pods, gauntlet_entry_generic,
          hangedman_lair_unloving_vines, roderic_carrion_pond
Lair:5:   layout_cave_pods, basic_altar
Lair:6:   evilmike_catoblepas_cave, layout_small_grid, minmay_slime_entry_eyes

Skill      XL: |  1  2  3  4  5  6  7  8  9 10 11 12 13 14 |
---------------+-------------------------------------------+-----
Axes           | 3 4 |  4.8
Fighting       | 4 5 6 8 9 10 11 | 11.1
Dodging        | 2 3 4 5 7 8 9 |  9.0
Armour         | 3 4 5 6 7 8 9 10 | 10.0
Stealth        | 1 2 3 4 5 |  5.9
Short Blades   | 1 2 3 4 |  4.0
Shields        | 1 2 4 6 7 9 11 12 | 12.0
Polearms       | 1 4 6 8 9 10 11 | 11.3
Throwing       | 1 |  1.0

Action                   |  1- 3 |  4- 6 |  7- 9 | 10-12 | 13-15 || total
-------------------------+-------+-------+-------+-------+-------++-------
Melee: Hand axe          |    91 |    13 |       |       |       ||   104
       Punch             |     1 |       |       |       |       ||     1
       Dagger            |       |    59 |    83 |       |       ||   142
       Spear             |       |       |   220 |   833 |   958 ||  2011
Throw: Dart              |       |       |       |     8 |     9 ||    17
Invok: Berserk           |     1 |     2 |     3 |    10 |     7 ||    23
       Trog's Hand       |       |     2 |     4 |    19 |    13 ||    38
       Brothers in Arms  |       |       |       |       |     1 ||     1
Evoke: Wand              |       |       |       |     1 |       ||     1
  Use: Scroll            |     1 |     6 |     9 |    13 |     5 ||    34
       Potion            |       |       |     1 |     9 |     3 ||    13
 Stab: Sleeping          |     1 |       |     1 |     3 |     7 ||    12
       Distracted        |       |       |       |       |     2 ||     2
Armor: Animal skin       |    15 |       |       |       |       ||    15
       Scale mail        |    26 |       |       |       |       ||    26
       Chain mail        |    13 |       |       |       |       ||    13
       Ring mail         |       |    33 |   171 |   448 |   328 ||   980
Dodge: Dodged            |    77 |    23 |   166 |   363 |   356 ||   985
Block: Buckler           |       |     4 |    43 |       |       ||    47
       Kite shield       |       |       |    35 |   406 |   412 ||   853

Table legend: (Time is in decaauts)
 A = Elapsed time spent in this place.
 B = Non-inter-level travel time spent in this place.
 C = Inter-level travel time spent in this place.
 D = Time resting spent in this place.
 E = Time spent auto-exploring this place.
 F = Levels seen in this place.
 G = Mean time per level.
                   A        B        C        D        E       F      G
               +--------+--------+--------+--------+--------+-----+--------+
         Total |  21799 |  21292 |    507 |   1794 |  15093 |  19 | 1147.3 |
       Dungeon |  13452 |  13141 |    311 |    816 |   9668 |  12 | 1121.0 |
          Lair |   7699 |   7503 |    196 |    589 |   5380 |   6 | 1283.2 |
      Gauntlet |    648 |    648 |      0 |    389 |     45 |   1 |  648.0 |
               +--------+--------+--------+--------+--------+-----+--------+

Top non-repeatable levels by time:
    D:11: 2497 daAuts
  Lair:4: 1591 daAuts
  Lair:6: 1584 daAuts
    D:10: 1576 daAuts
  Lair:3: 1386 daAuts
     D:6: 1328 daAuts
     D:2: 1228 daAuts
     D:1: 1179 daAuts
  Lair:1: 1152 daAuts
  Lair:5: 1120 daAuts
     D:5: 1108 daAuts
     D:4: 1039 daAuts
     D:9: 976 daAuts
     D:8: 917 daAuts
  Lair:2: 863 daAuts
